 Dungeon Crawl Stone Soup version 0.25-a0-591-g2ad0d86 (webtiles) character file.

Game seed: 7215949179208111537, levelgen mode: deterministic

25 Balder the Cudgeler (level 2, 0/22 HPs)
             Began as a Demonspawn Gladiator on Mar 13, 2020.
             Slain by a centaur (4 damage)
             ... on level 2 of the Dungeon.
             The game lasted 00:03:24 (842 turns).

Balder the Cudgeler (Demonspawn Gladiator)           Turns: 842, Time: 00:03:25

Health: 0/22       AC:  7    Str: 14    XL:     2   Next: 86%
Magic:  2/2        EV:  7    Int:  9    God:
Gold:   22         SH:  0    Dex: 14    Spells: 1/1 levels left

rFire    + . .     SeeInvis .   a - +0 flail
rCold    . . .     Gourm    .   (no shield)
rNeg     . . .     Faith    .   j - -2 chain mail (curse)
rPois    .         Spirit   .   c - +0 helmet
rElec    .         Reflect  .   (no cloak)
rCorr    .         Harm     .   (no gloves)
MR       .....                  (no boots)
Stlth    ..........             (no amulet)
HPRegen  0.07/turn              (no ring)
MPRegen  0.08/turn              (no ring)

@: no status effects
A: fire resistance 1
a: no special abilities


You were on level 2 of the Dungeon.
You were not hungry.

You visited 1 branch of the dungeon, and saw 2 of its levels.

You collected 22 gold pieces.

Inventory:

Hand Weapons
 a - a +0 flail (weapon)
Missiles
 d - 3 throwing nets (quivered)
 e - 4 boomerangs
 g - 19 poisoned darts
Armour
 b - a +0 leather armour
 c - a +0 helmet (worn)
 j - a cursed -2 chain mail (worn)
Scrolls
 l - a scroll of enchant weapon {unknown}
Potions
 i - a potion of curing {unknown}
 k - a potion of resistance {unknown}
Comestibles
 f - 2 rations
 h - a chunk of flesh


   Skills:
 + Level 2.1 Fighting
 + Level 3.2 Maces & Flails
 + Level 2.1 Throwing
 + Level 3.0 Dodging


You had one spell level left.
You didn't know any spells.
Your spell library was empty.

Dungeon Overview and Level Annotations

Branches:
Dungeon (2/15)

Altars:


Innate Abilities, Weirdness & Mutations

Your flesh is heat resistant. (rF+)


Message History

The centaur closely misses you.
You hit the centaur.
The centaur is heavily wounded.
The centaur completely misses you. The centaur hits you.
Your chain mail prevents you from hitting the centaur.
The centaur is heavily wounded.
The centaur barely misses you. The centaur hits you.
You sock the centaur!
The centaur is almost dead.
The centaur hits you.
* * * LOW HITPOINT WARNING * * *
The centaur hits you but does no damage.
Your chain mail prevents you from hitting the centaur.
The centaur is almost dead.
The centaur hits you.
* * * LOW HITPOINT WARNING * * *
Your chain mail prevents you from hitting the centaur.
The centaur is almost dead.
The centaur hits you.
You die...

#####.#.##..##....# #
#.#.##...#....#
#####.#.##.#.#....#
#.......##.#......########
#.###.............'.......
#.#........##.....#######.
#.#.#########.##'##
.........# #..#.########.
#...#..#.....#.#@.........
#####..# ..#.c#########?
#.....#.......w.......
#.###.#............###
#.#<#.#..$.........#
#.#.#.#............#
#.#.#.######.....c.#
#.#.#.# #.......# #.#.#.#
#.......#


You could see a centaur and a dart slug.

Vanquished Creatures
  A giant cockroach (D:1)
  5 hobgoblins
  3 jackals (D:1)
  2 frilled lizards (D:1)
  3 goblins (D:1)
  5 kobolds (D:1)
  4 rats
23 creatures vanquished.

Notes
Turn   | Place    | Note
-------+----------+-------------------------------------------
     0 | D:1      | Balder the Demonspawn Gladiator began the quest for the
                  | Orb.
     0 | D:1      | Reached XP level 1. HP: 16/16 MP: 1/1
   165 | D:1      | Gained mutation: Your flesh is heat resistant. (rF+)
                  | [demonic ancestry]
   165 | D:1      | Reached XP level 2. HP: 22/22 MP: 2/2
   828 | D:2      | Noticed a centaur
   842 | D:2      | Slain by a centaur

Levels and vault maps discovered:
D:1:      beargit_arrival_greenhouse, layout_basic
D:2:      layout_basic, chequers_ecumenical_altar_island, first_ration

Skill      XL: |  1  2 |
---------------+-------+-----
Maces & Flails | 3 |  3.2
Throwing       | 2 |  2.1
Dodging        | 3 |  3.0
Fighting       | |  2.1

Action                   || total
-------------------------++-------
Melee: Flail             ||    78
Armor: Leather armour    ||     6
       Chain mail        ||    14
Dodge: Dodged            ||    48

Table legend:
 A = Non-vault XP
 B = Vault XP
 C = Vault XP percentage of total XP
 D = Non-vault monster count
 E = Vault monster count
 F = Vault count percentage of total count
                 A         B        C        D         E       F
            +---------+---------+-------+---------+---------+-------
      Total |      37 |       0 |   0.0 |      23 |       0 |   0.0
            +---------+---------+-------+---------+---------+-------
        D:1 |      34 |       0 |   0.0 |      21 |       0 |   0.0
        D:2 |       3 |       0 |   0.0 |       2 |       0 |   0.0
            +---------+---------+-------+---------+---------+-------
